 Dungeon Crawl Stone Soup version 0.23.2-1-ga50397a (webtiles) character file.

Game seed: 3889621373457228978

4776 troglodite the Firebug (level 10, -7/80 HPs)
             Began as a Pale Draconian Fire Elementalist on May 27, 2019.
             Was an Initiate of Gozag.
             Mangled by a two-headed ogre
             ... wielding a +0 giant club
              (11 damage)
             ... on level 10 of the Dungeon.
             The game lasted 00:52:18 (12401 turns).

troglodite the Firebug (DrFE)                      Turns: 12401, Time: 00:52:19

Health: -7/80      AC: 10    Str: 10    XL:     10   Next: 23%
Magic:  2/18       EV: 15    Int: 17    God:    Gozag
Gold:   1056       SH:  0    Dex: 14    Spells: 7/19 levels left

rFire    . . .     SeeInvis .   F - +3 short sword (holy)
rCold    . . .     Gourm    .   (no shield)
rNeg     . . .     Faith    .   (armour unavailable)
rPois    .         Spirit   .   (helmet restricted)
rElec    .         Reflect  .   E - +1 cloak {+Inv}
rCorr    .         Harm     .   u - +0 pair of gloves
MR       .....                  (no boots)
Stlth    +++.......             (no amulet)
HPRegen  0.23/turn              (no ring)
MPRegen  0.16/turn              (no ring)

@: lethally poisoned (-7 -> -11), gold aura
A: breathe steam, unfitting armour, cold-blooded, AC +7
a: Breathe Steam, Potion Petition, Call Merchant, Bribe Branch, Renounce
Religion, Evoke Invisibility


You were on level 10 of the Dungeon.
You worshipped Gozag.
Gozag was most pleased with you.
You were not hungry.

You visited 2 branches of the dungeon, and saw 11 of its levels.
You also visited: Ossuary.

You collected 1145 gold pieces.
You paid 89 gold pieces to Gozag.

Inventory:

Hand Weapons
 a - a +1 dagger of draining
 h - a +0 hunting sling
 F - a +3 short sword of holy wrath (weapon)
Missiles
 d - 55 sling bullets
 i - 242 stones (quivered)
Armour
 u - a +0 pair of gloves (worn)
 D - a +0 buckler
 E - a +1 cloak of invisibility (worn)
Wands
 s - a wand of clouds (6)
 z - a wand of digging (1)
 A - a wand of polymorph (15)
Scrolls
 c - 2 scrolls of noise {unknown}
 f - a scroll of fear
 m - 8 scrolls of amnesia
 q - 4 scrolls of fog
 t - a scroll of enchant weapon {unknown}
 w - 4 scrolls of remove curse
 x - 4 scrolls of acquirement {unknown}
 y - 2 scrolls of enchant armour {unknown}
 B - 2 scrolls of magic mapping
Potions
 j - 3 potions of curing
 k - a potion of haste
 l - 2 potions of might
 n - 3 potions of berserk rage
 o - a potion of lignification
 p - 3 potions of brilliance
 r - 3 potions of agility
 v - a potion of cancellation
 C - a potion of mutation
Comestibles
 b - 8 rations


   Skills:
 * Level 4.6 Fighting
 + Level 4.4 Short Blades
 * Level 3.7 Slings
 * Level 5.5 Dodging
 * Level 4.6 Stealth
 * Level 1.9 Shields
 * Level 5.3 Spellcasting
 * Level 4.8 Conjurations
 * Level 2.9 Charms
 * Level 3.9 Necromancy
 * Level 6.3 Fire Magic


You had 7 spell levels left.
You knew the following spells:

 Your Spells              Type           Power        Failure   Level  Hunger
a - Flame Tongue          Conj/Fire      ###..        1%          1    None
b - Throw Flame           Conj/Fire      ###...       1%          2    #......
c - Conjure Flame         Conj/Fire      ###.....     4%          3    ##.....
d - Vampiric Draining     Necr           ###.......   9%          3    ##.....
e - Regeneration          Chrm/Necr      ###.......   10%         3    ##.....

Your spell library contained the following spells:

 Spells                   Type           Power        Failure   Level  Hunger
 Animate Skeleton         Necr           N/A          2%          1    None
 Pain                     Necr           ###.         2%          1    None
 Inner Flame              Hex/Fire       ###.....     11%         3    ##.....
 Apportation              Tloc           #.....       14%         1    None
 Beastly Appendage        Tmut           #.....       14%         1    None
 Confusing Touch          Hex            #.....       14%         1    None
 Summon Small Mammal      Summ           #...         14%         1    None
 Sticky Flame             Conj/Fire      ###.....     14%         4    ####...
 Sticks to Snakes         Tmut           #.......     21%         2    #......
 Animate Dead             Necr           N/A          26%         4    ####...
 Fireball                 Conj/Fire      ###.......   36%         5    ######.
 Spider Form              Tmut/Pois      #.........   38%         3    ##.....
 Ice Form                 Ice/Tmut       #.......     80%         4    ####...
 Blade Hands              Tmut           #.........   98%         5    ######.


Dungeon Overview and Level Annotations

Branches:
Dungeon (10/15)            Temple (1/1) D:4
   Lair: D:8-11         Orc: D:9-12

Altars:
Ashenzari
Cheibriados
Dithmenos
Elyvilon
Fedhas
Gozag
Hepliaklqana
Kikubaaqudgha
Makhleb
Nemelex Xobeh
Okawaru
Qazlal
Ru
Sif Muna
Trog
Uskayaw
Vehumet
Wu Jian
Xom
Yredelemnul
Zin
The Shining One

Annotations:
D:9 2 runed translucent doors


Innate Abilities, Weirdness & Mutations

You can breathe blasts of scalding, opaque steam.
Your pale cyan-grey scales are hard. (AC +7)
You cannot fit into any form of body armour.
You are cold-blooded and may be slowed by cold attacks.


Message History

The killer bee is severely wounded.
The killer bee stings you but does no damage. x2
You hit the killer bee.
The killer bee is almost dead.
The killer bee stings you.
* * * LOW HITPOINT WARNING * * *
You are lethally poisoned!
The killer bee poisons you!
The two-headed ogre barely misses you. x2
The killer bee closely misses you.
You hit the killer bee.
The killer bee is almost dead.
* * * LOW HITPOINT WARNING * * *
You feel sick. The killer bee misses you. The killer bee closely misses you.
You puncture the killer bee!
You kill the killer bee!
* * * LOW HITPOINT WARNING * * *
You feel sick. The two-headed ogre closely misses you.
The two-headed ogre hits you with a +0 giant spiked club!
You die...
Your body crumbles into a pile of gold.

### #.## #..#
.. ## #@$# #..
...###O# #...
#...#y## ##...
#...#####...#
###........#
###......##
###........##
#...........#
#.............#


You could see a two-headed ogre and a killer bee.

Vanquished Creatures
  Maurice (D:9)
  Psyche (D:8)
  A troll (D:9)
  Grinder (D:5)
  2 hippogriffs
  A wyvern (D:8)
  Edmund (D:6)
  A necrophage (D:6)
  An ice beast (D:8)
  2 sky beasts
  A black bear (D:10)
  2 phantoms
  4 ogres
  A centaur (D:9)
  A big kobold (D:9)
  2 bullfrogs
  2 scorpions
  A water moccasin skeleton (D:6)
  11 killer bees
  A wyvern skeleton (D:7)
  2 bullfrog zombies (D:6)
  4 crimson imps
  A human zombie (Ossuary)
  2 hounds
  3 jellies (D:2)
  A bullfrog skeleton (D:7)
  3 orc priests
  2 orc wizards
  3 iguanas
  10 worker ants
  A killer bee zombie (D:8)
  A hound zombie (Ossuary)
  4 mummies (Ossuary)
  A worker ant zombie (D:6)
  8 adders
  A howler monkey skeleton (D:6)
  10 oozes
  5 adder zombies
  An adder skeleton (D:7)
  A worm (D:3)
  4 dart slugs (D:1)
  2 leopard geckos
  12 orcs
  3 giant cockroaches
  2 gnoll zombies (Ossuary)
  5 goblins
  4 hobgoblins
  4 jackals
  17 kobolds
  2 quokkas
  A ball python (D:3)
  3 bats
  5 frilled lizards
  A goblin zombie (Ossuary)
  A hobgoblin zombie (Ossuary)
  3 jackal zombies
  A kobold zombie (Ossuary)
  2 leopard gecko skeletons
  An orc zombie (Ossuary)
  2 rats
177 creatures vanquished.

Vanquished Creatures (others)
  A centaur (D:6)
  9 toadstools (D:2)
10 creatures vanquished.

Grand Total: 187 creatures vanquished

Notes
Turn   | Place    | Note
-------+----------+-------------------------------------------
     0 | D:1      | troglodite the Draconian Fire Elementalist began the quest
                  | for the Orb.
     0 | D:1      | Reached XP level 1. HP: 14/14 MP: 3/3
   579 | D:1      | Reached XP level 2. HP: 14/20 MP: 1/5
   967 | D:2      | Reached XP level 3. HP: 23/27 MP: 3/6
   971 | D:2      | Learned a level 2 spell: Throw Flame
   975 | D:2      | Learned a level 3 spell: Conjure Flame
  1531 | D:2      | Found a shadowy altar of Dithmenos.
  1558 | D:1      | Reached XP level 4. HP: 31/34 MP: 5/7
  1585 | D:2      | Reached skill level 1 in Fighting
  1585 | D:2      | Reached skill level 1 in Short Blades
  1976 | D:2      | Reached skill level 1 in Slings
  1990 | D:2      | Reached XP level 5. HP: 40/40 MP: 1/9
  2613 | D:2      | Found a faded altar of an unknown god.
  2745 | D:3      | Learned a level 3 spell: Vampiric Draining
  2805 | D:3      | Reached XP level 6. HP: 44/47 MP: 1/10
  2991 | D:3      | Found a hazy altar of Hepliaklqana.
  3366 | D:4      | Reached skill level 4 in Fire Magic
  3390 | D:4      | Found a staircase to the Ecumenical Temple.
  3419 | D:4      | Found a sand-covered staircase.
  3428 | Ossuary  | Entered an ossuary
  4024 | Ossuary  | Reached skill level 1 in Necromancy
  4416 | Temple   | Entered the Ecumenical Temple
  4641 | D:4      | Found an opulent altar of Gozag.
  4695 | D:4      | Your scales start taking on a pale cyan-grey colour.
  4695 | D:4      | Reached XP level 7. HP: 45/53 MP: 11/11
  5630 | D:4      | Became a worshipper of Gozag Ym Sagoz the Greedy
  5752 | D:4      | Learned a level 3 spell: Regeneration
  5753 | D:5      | Entered Level 5 of the Dungeon
  5757 | D:5      | Noticed Grinder
  5771 | D:5      | Killed Grinder
  5771 | D:5      | Reached skill level 5 in Fire Magic
  6346 | D:5      | Reached XP level 8. HP: 62/62 MP: 2/13
  6441 | D:5      | Reached skill level 1 in Charms
  6474 | D:5      | Found a snail-covered altar of Cheibriados.
  6831 | D:6      | Found a shattered altar of Ashenzari.
  6931 | D:6      | Found a bloodstained altar of Trog.
  6989 | D:6      | Noticed Edmund
  7318 | D:6      | Killed Edmund
  7476 | D:6      | Found a shimmering altar of Xom.
  8646 | D:7      | Reached XP level 9. HP: 63/70 MP: 14/16
  8660 | D:7      | Found a blossoming altar of Fedhas.
  8662 | D:7      | Found a radiant altar of Vehumet.
  9652 | D:8      | Noticed Psyche
  9676 | D:8      | Killed Psyche
  9770 | D:8      | Reached skill level 1 in Shields
  9770 | D:8      | Reached skill level 6 in Fire Magic
 10774 | D:9      | Noticed a troll
 10781 | D:9      | Killed a troll
 10781 | D:9      | Reached skill level 5 in Spellcasting
 10854 | D:9      | Reached skill level 5 in Dodging
 10974 | D:9      | Noticed Maurice
 11277 | D:9      | Reached XP level 10. HP: 43/80 MP: 1/17
 11716 | D:9      | Noticed a fire dragon
 11717 | D:9      | Noticed an ice dragon
 11718 | D:9      | Found the +2 shield of Resistance {rF+ rC+ MR+}
 11718 | D:9      | Noticed a fire dragon
 11719 | D:9      | Noticed an ice dragon
 11720 | D:9      | Found a runed translucent door.
 11732 | D:9      | Found a runed translucent door.
 11934 | D:9      | Killed Maurice
 12138 | D:9      | Found a sacrificial altar of Ru.
 12263 | D:10     | Entered Level 10 of the Dungeon
 12316 | D:10     | Noticed a purple ugly thing
 12384 | D:10     | Noticed a two-headed ogre
 12386 | D:10     | HP: 4/80 [killer bee (8)]
 12391 | D:10     | HP: 1/80 [killer bee (5)]
 12401 | D:10     | HP: 4/80 [poisoned by a killer bee]
 12401 | D:10     | Mangled by a two-headed ogre

Skill      XL: |  1  2  3  4  5  6  7  8  9 |
---------------+----------------------------+-----
Dodging        | 2 3 5 |  5.5
Stealth        | 2 3 4 |  4.6
Fighting       | 1 2 3 4 |  4.6
Short Blades   | 1 2 3 4 |  4.4
Slings         | 1 2 3 |  3.7
Conjurations   | 2 3 4 |  4.8
Spellcasting   | 3 4 5 |  5.3
Fire Magic     | 4 5 6 |  6.3
Necromancy     | 1 2 3 |  3.9
Charms         | 1 2 |  2.9
Shields        | 1 |  1.9

Action                   |  1- 3 |  4- 6 |  7- 9 | 10-12 || total
-------------------------+-------+-------+-------+-------++-------
Melee: Unarmed           |    37 |       |       |       ||    37
       Tailslap          |     3 |    14 |    89 |    18 ||   124
       Dagger            |    43 |   135 |   810 |   137 ||  1125
       Short sword       |       |       |       |    37 ||    37
 Cast: Flame Tongue      |    19 |    57 |       |       ||    76
       Throw Flame       |       |    25 |    94 |     5 ||   124
       Vampiric Draining |       |       |    13 |    12 ||    25
 Abil: Breathe Steam     |       |       |     3 |       ||     3
  Use: Scroll            |     1 |    13 |     2 |     4 ||    20
       Potion            |       |       |     2 |     3 ||     5
 Stab: Sleeping          |       |     1 |     2 |     2 ||     5
       Distracted        |       |       |     2 |     1 ||     3
  Eat: Chunk             |     2 |     3 |     3 |       ||     8
       Ration            |       |     3 |     6 |     2 ||    11
Armor: Skin              |    21 |    50 |   217 |    49 ||   337
Dodge: Dodged            |    50 |   166 |   424 |   101 ||   741
